 Dungeon Crawl Stone Soup version 0.30-a0-358-g0d69a1922f (webtiles) character file.

Game seed: 9913078713950177388

55 gamesnag the Chopper (level 3, -1/33 HPs)
             Began as a Minotaur Berserker on Nov 8, 2022.
             Was a Believer of Trog.
             Slain by a goblin
             ... wielding a +0 club
              (3 damage)
             ... on level 3 of the Dungeon.
             The game lasted 00:15:53 (2199 turns).

gamesnag the Chopper (Minotaur Berserker)           Turns: 2199, Time: 00:15:54

Health: -1/33      AC:  2    Str: 23    XL:     3   Next: 67%
Magic:  2/2        EV: 12    Int:  4    God:    Trog [**....]
Gold:   110        SH:  0    Dex:  9    Spells: 2/2 levels left

rFire   . . .      SeeInvis .    a - +0 hand axe
rCold   . . .      Faith    .    (no shield)
rNeg    . . .      Spirit   .    b - +0 animal skin
rPois   .          Reflect  .    (helmet restricted)
rElec   .          Harm     .    (no cloak)
rCorr   .          Rampage  .    (no gloves)
Will    .....                    (no boots)
Stlth   +.........               (no amulet)
HPRegen 0.25/turn                (no ring)
MPRegen 0.08/turn                (no ring)

@: no status effects
A: horns 2, retaliatory headbutt
a: Renounce Religion, Berserk, Trog's Hand


You were on level 3 of the Dungeon.
You worshipped Trog.
Trog was pleased with you.
You visited 1 branch of the dungeon, and saw 3 of its levels.

You collected 110 gold pieces.

Inventory:

Hand Weapons
 a - a +0 hand axe (weapon)
Missiles
 j - 4 boomerangs (quivered)
Armour
 b - a +0 animal skin (worn)
 m - a +1 cloak
 q - the +1 leather armour "Fypoted" {rElec Int+3}
   (You found it on level 3 of the Dungeon)

   Int:       It affects your intelligence (+3).
   rElec:     It insulates you from electricity.
Jewellery
 o - a ring of positive energy
Scrolls
 c - 2 scrolls of enchant armour
Potions
 d - a potion of flight {unknown}
 f - a potion of lignification {unknown}
 g - 2 potions of haste
 h - a potion of invisibility {unknown}
 i - a potion of curing {unknown}
 l - a potion of mutation {unknown}


   Skills:
 + Level 4.2 Fighting
 + Level 4.5 Axes
 + Level 2.9 Armour
 + Level 2.5 Dodging
 + Level 0.3 Stealth


You had 2 spell levels left.
You didn't know any spells.
Your spell library contained the following spells:

 Spells                   Type           Power      Damage    Failure   Level
 Scorch                   Fire           0%         2d5       65%         2
 Flame Wave               Conj/Fire      0%         2d4       99%         4
 Summon Cactus Giant      Summ           0%         N/A       100%        6


Dungeon Overview and Level Annotations

Branches:
Dungeon (3/15)

Altars:

Shops:
D:1 :   D:2 (   D:3 =


Innate Abilities, Weirdness & Mutations

You have a pair of horns on your head.
You reflexively headbutt those who attack you in melee.


Message History

The goblin closely misses you. The goblin hits you with a +0 dagger.
The goblin hits you but does no damage. The goblin hits you with a +0 club.
You barely miss the goblin. You punch the goblin, but do no damage.
You closely miss the goblin. The goblin hits you with a +0 dagger.
The goblin barely misses you.
You miss the goblin. Your headbutt misses the goblin. You hit the hobgoblin.
You closely miss the goblin.
The hobgoblin hits you but does no damage.
The goblin hits you with a +0 dagger. The goblin hits you with a +0 club.
You hit the goblin.
The goblin is severely wounded.
You closely miss the hobgoblin. You hit the goblin.
You kill the goblin!
Trog accepts your kill. The hobgoblin hits you.
The goblin hits you with a +0 dagger.
* * * LOW HITPOINT WARNING * * *
You barely miss the goblin.
The goblin is severely wounded.
You barely miss the hobgoblin. The hobgoblin hits you.
* * * LOW HITPOINT WARNING * * *
The goblin closely misses you.
You hit the goblin but do no damage.
The goblin is severely wounded.
You hit the hobgoblin.
You kill the hobgoblin!
Trog accepts your kill. The goblin hits you with a +0 dagger.
* * * LOW HITPOINT WARNING * * *
As you read the scroll of teleportation, it crumbles to dust.
You feel strangely unstable. The goblin hits you but does no damage.
The goblin closely misses you.
As you read the scroll of teleportation, it crumbles to dust.
You feel strangely stable. The goblin closely misses you.
You furiously retaliate!
You headbutt the goblin.
You kill the goblin!
Trog accepts your kill. The goblin hits you but does no damage.
The goblin attacks as you move away! The goblin hits you with a +0 club.
You die...

#.......'.#.###########
#.......#.#.# #..
#.....).#.#.# ######
#.......#.#.######...##
#.......#.#......#...##
#.......#####....#...##
#......##...##...##'###
#...####.....#....#.#.#
###'#.@#....[#....#...#
#.'))g.)...#....###.#
#.#..#.(...#....# #.#
######...:.#....# #.#
.).##....# #.#
####.##### #.. #...#
#.. ###.## #..
#..####..


You could see a goblin.

Vanquished Creatures
  A worm (D:3)
  6 orcs (D:3)
  4 bats
  4 endoplasms
  7 goblins
  5 hobgoblins
  6 ball pythons
  5 kobolds (D:1)
  3 rats (D:1)
  3 toadstools (D:1)
44 creatures vanquished.

Vanquished Creatures (others)
  A toadstool (D:1)
1 creature vanquished.

Grand Total: 45 creatures vanquished

Notes
Turn   | Place    | Note
-------+----------+-------------------------------------------
     0 | D:1      | gamesnag the Minotaur Berserker began the quest for the
                  | Orb.
     0 | D:1      | Reached XP level 1. HP: 19/19 MP: 0/0
   210 | D:1      | Reached XP level 2. HP: 25/27 MP: 1/1
   376 | D:1      | Found Pammatagh's Book Emporium.
   571 | D:1      | Reached ** piety under Trog
  1168 | D:2      | Found Liedd's Weapon Shop.
  1462 | D:3      | Identified the +1 leather armour "Fypoted" {rElec Int+3}
  1476 | D:3      | Reached XP level 3. HP: 21/33 MP: 2/2
  1881 | D:3      | Found Wuprineh's Jewellery Boutique.
  2199 | D:3      | Slain by a goblin

Illustrated notes

Levels and vault maps discovered:
D:1:      ldierk_water_garden, layout_basic, serial_shops,
          nicolae_shop_statue_plus, nicolae_eternal_life,
          hangedman_decor_opposing, kennysheep_minor_cross,
          minmay_misc_feat_ornament, serial_bayou_pond_a, minmay_heptomino_w4
D:2:      layout_basic, serial_shops, nicolae_diamond_shop, uniq_robin
D:3:      layout_basic, serial_shops, nicolae_square_shop, eino_tiny_chamber,
          minivault_14, serial_park_tiny_2, minmay_goblin_kobold_house

Skill      XL: |  1  2 |
---------------+-------+-----
Axes           | 4 |  4.5
Fighting       | 4 |  4.2
Armour         | |  2.9
Dodging        | |  2.5
Stealth        | |  0.3

Action                   || total
-------------------------++-------
Melee: Hand axe          ||    67
       Headbutt          ||     7
       Punch             ||     1
  Use: Scroll            ||     7
 Stab: Sleeping          ||     1
Armor: Animal skin       ||    17
Dodge: Dodged            ||    54

Table legend: (Time is in decaauts)
 A = Elapsed time spent in this place.
 B = Non-inter-level travel time spent in this place.
 C = Inter-level travel time spent in this place.
 D = Time resting spent in this place.
 E = Time spent auto-exploring this place.
 F = Levels seen in this place.
 G = Mean time per level.
                   A        B        C        D        E       F      G
               +--------+--------+--------+--------+--------+-----+--------+
         Total |   2209 |   2196 |     13 |    130 |    970 |   3 |  736.3 |
       Dungeon |   2209 |   2196 |     13 |    130 |    970 |   3 |  736.3 |
               +--------+--------+--------+--------+--------+-----+--------+

Top non-repeatable levels by time:
     D:3: 937 daAuts
     D:1: 914 daAuts
     D:2: 357 daAuts
